Map: Abyssal Reef LE

Players

BIGFLLA - Winner!

  • Race: Protoss Protoss
  • League: Silver
  • Spawn Location: 5:00

A.I. 1 (Hard)

  • Race: Terran Terran
  • Spawn Location: 11:00

VOD

Have the link to the VOD?

Description

Time

  • Played on: March 20, 2017, 11:44 p.m.
  • Length: 16:17
Show
View Real Time Build Order
Export as new Build Order

BIGFLLA Protoss - Winner!

Build Orders: 1 Gate Expand 

Get SALT Encoding   

  12  0:00  Probe (Chrono Boost)  
  13  0:11  Probe (Chrono Boost)  
  14  0:19  Pylon  
  14  0:22  Probe (Chrono Boost)  
  15  0:37  Probe (Chrono Boost)  
  16  0:43  Gateway  
  16  0:49  Probe (Chrono Boost)  
  17  0:51  Assimilator  
  17  0:59  Probe (Chrono Boost)  
  18  1:23  Nexus  
  18  1:32  Cybernetics Core  
  18  1:40  Pylon  
  18  1:52  Assimilator  
  18  1:57  Probe (Chrono Boost)  
  18  1:59  Zealot  
  21  2:10  Warp Gate  
  21  2:21  Probe (Chrono Boost)  
  22  2:26  Stalker  
  23  2:39  Gateway  
  23  2:44  Pylon  
  23  2:49  Gateway  
  23  2:55  Probe x2 (Chrono Boost)  
  25  3:10  Probe x2 (Chrono Boost)  
  27  3:21  Probe x2 (Chrono Boost)  
  29  3:28  Pylon  
  29  3:31  Probe x2 (Chrono Boost)  
  31  3:39  Twilight Council  
  31  3:44  Probe x2 (Chrono Boost)  
  37  3:48  Sentry x2  
  37  3:49  Sentry  
  37  3:55  Probe x2 (Chrono Boost)  
  41  3:58  Assimilator  
  41  4:05  Probe x2 (Chrono Boost)  
  43  4:16  Probe x2 (Chrono Boost), Stalker  
  47  4:18  Stalker  
  47  4:21  Sentry  
  51  4:35  Assimilator  
  49  4:40  Mothership Core (Chrono Boost)  
  51  4:54  Blink  
  51  5:02  Probe (Chrono Boost)  
  51  5:03  Adept x3, Probe (Chrono Boost)  
  59  5:28  Pylon  
  59  5:30  Stalker  
  61  5:38  Pylon  
  61  5:46  Stalker x2  
  61  5:49  Pylon  
  65  6:00  Pylon  
  65  6:01  Forge  
  65  6:02  Forge  
  65  6:05  Stalker  
  67  6:14  Probe (Chrono Boost)  
  67  6:15  Probe (Chrono Boost)  
  67  6:16  Stalker x2  
  73  6:26  Protoss Ground Armor Level 1, Protoss Ground Weapons Level 1  
  73  6:35  Stalker  
  73  6:37  Pylon  
  75  6:47  Robotics Facility  
  75  6:51  Pylon  
  75  6:53  Pylon  
  75  6:55  Resonating Glaives  
  75  7:02  Robotics Facility  
  69  7:24  Stalker x3  
  75  7:34  Probe x2 (Chrono Boost)  
  77  7:50  Nexus  
  77  7:53  Assimilator  
  77  7:54  Stalker x3  
  77  7:57  Assimilator  
  85  7:59  Probe (Chrono Boost)  
  85  8:00  Probe (Chrono Boost)  
  85  8:01  Pylon, Observer x2  
  85  8:04  Pylon  
  87  8:07  Pylon  
  87  8:22  Observer  
  87  8:23  Observer  
  87  8:47  Immortal x2  
  95  9:06  Stalker x3  
  101  9:10  Protoss Ground Armor Level 2, Protoss Ground Weapons Level 2  
  101  9:27  Immortal x2  
  109  9:36  Stalker x3  
  109  9:37  Probe (Chrono Boost)  
  118  9:38  Probe x2 (Chrono Boost)  
  118  9:47  Probe (Chrono Boost)  
  118  9:50  Probe x2 (Chrono Boost)  
  121  10:06  Stalker x3  
  127  10:12  Immortal x2  
  135  10:33  Photon Cannon  
  135  10:34  Photon Cannon  
  135  10:37  Photon Cannon  
  135  10:38  Photon Cannon  
  135  10:41  Stargate  
  135  10:43  Stargate  
  134  10:54  Nexus  
  134  10:59  Observer x2  
  134  11:04  Sentry x3  
  142  11:11  Protoss Shields Level 1  
  142  11:15  Protoss Ground Weapons Level 3  
  142  11:21  Observer x2  
  144  11:30  Sentry x2  
  148  11:45  Pylon  
  148  11:47  Pylon  
  148  11:51  Pylon  
  148  11:54  Pylon  
  148  12:02  Stalker  
  148  12:03  Sentry, Immortal  
  148  12:05  Stalker  
  148  12:08  Pylon  
  158  12:09  Pylon  
  158  12:12  Pylon  
  158  12:29  Stalker  
  160  12:45  Protoss Ground Armor Level 3  
  160  13:14  Stalker  
  160  13:15  Stalker x2  
  160  13:19  Immortal x2  
  174  13:24  Assimilator  
  174  13:28  Assimilator  
  174  13:30  Pylon  
  174  13:33  Pylon  
  174  13:34  Protoss Shields Level 2  
  174  13:38  Void Ray x2  
  173  13:45  Adept x3  
  187  13:58  Immortal  
  191  14:04  Fleet Beacon  
  191  14:15  Void Ray  
  191  14:20  Probe x3 (Chrono Boost)  
  191  14:21  Probe (Chrono Boost)  
  199  15:11  Nexus  
  199  15:13  Assimilator  
  199  15:17  Assimilator  
  199  15:27  Nexus  
  199  15:30  Assimilator  
  199  15:34  Assimilator  
Show
View Real Time Build Order
Export as new Build Order

A.I. 1 (Hard) Terran 

Build Orders: MMM Bio 

Get SALT Encoding   

  12  0:00  SCV  
  13  0:13  SCV  
  14  0:18  Supply Depot  
  14  0:25  SCV  
  15  0:40  SCV  
  16  0:43  Barracks  
  16  0:49  Refinery  
  16  0:52  SCV  
  17  1:04  SCV  
  18  1:16  SCV  
  19  1:22  Supply Depot  
  19  1:28  SCV  
  19  1:30  Marine  
  21  1:41  Barracks, Orbital Command  
  21  1:49  Refinery, Barracks Tech Lab  
  21  2:06  Supply Depot  
  21  2:07  Marine  
  22  2:25  Marine  
  22  2:29  Marine  
  24  2:40  Supply Depot  
  24  2:43  Marine  
  25  2:47  Marine  
  26  3:01  Marine  
  27  3:06  Marine  
  28  3:14  Supply Depot  
  28  3:16  SCV  
  28  3:19  Marine  
  30  3:25  Marine  
  31  3:28  SCV, Engineering Bay  
  32  3:37  Marauder  
  32  3:40  SCV  
  35  3:43  Marine  
  36  3:52  SCV  
  37  3:58  Marine  
  38  4:04  SCV  
  39  4:16  Marauder, SCV  
  41  4:28  SCV  
  42  4:38  Marauder  
  44  4:59  Marauder  
  46  5:20  Marauder  
  48  6:25  Barracks Tech Lab  
  48  6:26  Stimpack, Reaper, Terran Infantry Weapons Level 1  
  48  6:28  Factory  
  48  6:31  Factory  
  49  6:34  Supply Depot, Command Center  
  49  6:35  Missile Turret  
  49  6:37  Missile Turret  
  49  6:39  Barracks  
  49  6:42  Combat Shields  
  49  6:44  Marauder  
  51  6:57  Bunker  
  51  6:58  Reaper  
  52  7:05  Marine  
  37  7:11  Factory Tech Lab  
  37  7:14  Starport  
  31  7:18  Factory Tech Lab, Starport  
  31  7:23  Marauder  
  33  7:30  Marine  
  33  7:31  Marine  
  35  7:37  Sensor Tower  
  35  7:44  Marine  
  35  7:46  SCV  
  35  7:47  Marine  
  35  7:48  SCV  
  39  7:53  Marine  
  39  7:54  Refinery  
  40  7:58  SCV  
  40  7:59  Missile Turret  
  40  8:01  Missile Turret  
  40  8:02  SCV  
  40  8:05  Armory, Marine  
  42  8:07  Starport Tech Lab x2, Refinery, Marine  
  42  8:10  SCV  
  42  8:12  Barracks Reactor  
  45  8:14  SCV  
  46  8:20  Terran Infantry Armor Level 1  
  46  8:21  Bunker  
  46  8:23  Marine, SCV  
  46  8:26  Raven, Marauder  
  47  8:27  Raven  
  47  8:32  Hellion  
  41  8:39  SCV  
  41  8:40  Hellion  
  41  8:41  Marine  
  38  8:47  Marine  
  39  8:51  SCV  
  39  8:54  Hellion  
  36  8:57  Marine  
  36  9:09  Viking  
  31  9:11  Marauder  
  25  9:53  SCV  
  26  10:00  Command Center  
  26  10:02  Marine  
  26  10:05  SCV  
  28  10:12  Marine  
  24  10:17  SCV  
  24  10:19  Marine  
  24  10:29  Marauder  
  24  10:33  SCV  
  27  10:45  SCV  
  28  10:53  Marine  
  29  10:58  SCV  
  30  11:04  Starport Tech Lab  
  30  11:10  SCV  
  31  11:48  Marine, SCV  
  31  11:49  SCV  
  34  14:50  Marine, SCV  
  36  14:53  Marine, SCV  
Tags
 
Composition
MMM Bio
League
Silver
Matchup
PvT
Replay Pack
3.21
Spawn Locations
Cross Positions
Add a new tag
Caveats
  • Supply blocks, unpowered buildings, or Contaminate may cause inaccurate times.
  • Supply counts are checked every 10 seconds.